Monsters vs Rocket
Created - March 2, 2022 at 21:13
Goals
|
Monsters |
1 |
1 |
0 |
2 |
Rocket |
0 |
1 |
0 |
1 |
|
Shots
|
Monsters |
4 |
9 |
19 |
32 |
Rocket |
11 |
9 |
13 |
33 |
|
1st period
1. Monsters , Matt Calvert 29 (Tarmo Reunanen 7) at 19:33
Penalties :
Brandon Pirri (Lav) for Holding (Minor) at 3:52, Matt Calvert (Cle) for Hooking (Minor) at 10:48, Richard Nejezchleb (Cle) for Interference (Minor) at 14:46
2nd period
2. Rocket , Corey Trivino 15 (Danton Heinen 20) at 15:12
3. Monsters , Bobby Farnham 7 (Joakim Nordstrom 6) at 18:39
Penalties :
Jared Knight (Cle) for Holding (Minor) at 0:21, Jared Knight (Cle) for Delaying the game (Minor) at 6:04, Dean Kukan (Lav) for Cross-checking (Minor) at 16:23, Tarmo Reunanen (Cle) for Charging (Minor) at 19:29
3rd period
No Goal
Penalties :
Adam Fox (Lav) for Slashing (Minor) at 2:48, Aaron Ness (Cle) for Interference (Minor) at 6:43, Joakim Nordstrom (Cle) for Hooking (Minor) at 9:28, Andrey Pedan (Lav) for Hooking (Minor) at 12:48, Ondrej Kase (Cle) for Interference (Minor) at 19:01
Goalie Stats
Eric Comrie (Cle), 32 saves from 33 shots - (0.970), W, 7-5-1, 60:00 minutes
Igor Shesterkin (Lav), 30 saves from 32 shots - (0.938), L, 11-8-1, 58:58 minutes
Players Stats for Monsters
Player Name G A P +/- PIM S H SB GA TA FO MP PP MP PK MP
------------------------------------------------------------------------------------
Aaron Ness 0 0 0 0 2 1 2 0 0 0 0/0 26:48 5:19 8:36
Austin Watson 0 0 0 0 0 0 0 0 0 1 0/0 13:13 0:20 6:15
Bobby Farnham 1 0 1 1 0 4 1 0 0 0 0/0 9:50 0:20 0:00
Christian Hanson 0 0 0 -1 0 3 0 0 0 0 10/24 18:59 4:10 3:35
Dillon Heatherington 0 0 0 1 0 0 0 1 0 0 0/0 18:05 2:37 4:53
Jared Knight 0 0 0 1 4 3 4 3 0 1 10/25 19:02 3:26 5:47
Joakim Nordstrom 0 1 1 1 2 4 1 0 0 0 0/0 10:51 0:00 1:07
Matt Calvert 1 0 1 1 2 5 0 0 1 0 0/0 19:30 3:26 7:01
Matt Grzelcyk 0 0 0 1 0 1 2 1 0 0 0/0 15:49 0:00 5:38
Mitch Marner 0 0 0 -1 0 1 4 0 2 1 1/1 15:56 4:10 0:00
Morgan Rielly 0 0 0 0 0 2 1 0 0 2 0/0 28:24 5:19 10:04
Nathan Noel 0 0 0 0 0 0 1 0 0 0 1/1 6:56 0:00 0:16
Ondrej Kase 0 0 0 1 2 4 1 1 0 0 1/1 12:08 3:26 0:00
Patrik Laine 0 0 0 -1 0 3 0 0 0 0 2/3 16:37 4:10 0:28
Richard Nejezchleb 0 0 0 0 2 0 2 0 0 0 0/0 6:57 0:20 0:00
Ryan Fitzgerald 0 0 0 1 0 0 1 1 0 0 2/6 14:44 0:00 5:13
Tarmo Reunanen 0 1 1 0 2 0 0 1 0 0 0/0 14:03 0:00 0:00
Victor Mete 0 0 0 0 0 1 0 0 2 1 0/0 17:09 2:37 0:31
Players Stats for Rocket
Player Name G A P +/- PIM S H SB GA TA FO MP PP MP PK MP
------------------------------------------------------------------------------------
Adam Fox 0 0 0 -1 2 0 0 0 1 1 0/0 22:12 8:43 1:58
Adrian Kempe 0 0 0 -1 0 3 3 0 1 0 2/3 20:16 8:26 1:26
Andrei Mironov 0 0 0 -1 0 0 0 2 0 0 0/0 16:21 0:35 5:08
Andrey Pedan 0 0 0 -1 2 0 2 0 0 0 0/0 15:44 6:08 0:50
Brandon Pirri 0 0 0 0 2 3 1 1 1 0 0/1 17:56 6:22 0:00
Corey Trivino 1 0 1 0 0 6 1 1 0 0 18/28 21:20 8:26 1:16
Danton Heinen 0 1 1 0 0 4 3 0 1 0 2/4 19:40 8:17 0:00
Dean Kukan 0 0 0 1 2 1 0 1 0 1 0/0 15:57 0:00 0:10
Dominic Turgeon 0 0 0 0 0 1 1 1 0 0 8/17 13:10 0:03 4:42
Dylan DeMelo 0 0 0 -1 0 2 2 1 0 2 0/0 23:32 6:08 4:58
Jakub Vrana 0 0 0 0 0 2 3 0 0 0 0/0 10:46 0:03 1:58
Karson Kuhlman 0 0 0 0 0 2 2 0 0 0 0/2 9:15 0:00 1:58
Kole Sherwood 0 0 0 0 0 0 0 0 0 0 0/0 6:35 0:00 0:00
Mattias Tedenby 0 0 0 -1 0 4 0 0 2 0 0/0 16:30 6:22 0:00
Peter Holland 0 0 0 -1 0 2 3 0 0 0 4/6 16:15 6:22 0:00
Sergey Tolchinsky 0 0 0 0 0 0 1 0 0 0 0/0 6:35 0:00 0:00
Ty Rattie 0 0 0 0 0 0 1 0 0 0 0/0 13:07 0:12 4:32
Viktor Loov 0 0 0 1 0 3 0 2 0 1 0/0 26:49 8:08 2:48
3 Stars
1 - Eric Comrie (Cle)
2 - Bobby Farnham (Cle)
3 - Igor Shesterkin (Lav)
Power Play
Monsters - 0 on 4 Attempt(s) - 0.00%
Rocket - 0 on 8 Attempt(s) - 0.00%
Penalty Kill
Monsters - 8 on 8 Attempt(s) - 100.00%
- Score 0 goal in Penalty Kill
Rocket - 4 on 4 Attempt(s) - 100.00%
- Score 0 goal in Penalty Kill
Team Stat
Monsters - Hits : 20 - Faceoff Wins : 27 - Blocked Shots : 8 - Penalty Minutes : 16
Rocket - Hits : 23 - Faceoff Wins : 34 - Blocked Shots : 9 - Penalty Minutes : 8
Official
Referees : Reid Anderson and Dan O'Rourke
Linesman : Greg Devorski and David Brisebois
Game Notes
No Game Note
Finance
Level 1 -- Attendance: 2000 (100.00%) -- Ticket Income $70,000
Level 2 -- Attendance: 869 (86.90%) -- Ticket Income $13,035
Total Attendance: 2869 (95.63%)
Total Ticket Income: $83,035
Other Income: $4,152
Total Income: $87,187
Monsters
5 vs 5 Forward
Center Left Wing Right Wing Time % Phy DF OF
1 Christian Hanson Patrik Laine Mitch Marner 40 0 1 4
2 Jared Knight Matt Calvert Ondrej Kase 30 0 2 3
3 Ryan Fitzgerald Joakim Nordstrom Bobby Farnham 20 1 2 2
4 Nathan Noel Austin Watson Richard Nejezchleb 10 0 4 1
5 vs 5 Defense
Defense Defense Time % Phy DF OF
1 Morgan Rielly Aaron Ness 40 1 2 2
2 Victor Mete Tarmo Reunanen 30 1 2 2
3 Dillon Heatherington Matt Grzelcyk 20 1 2 2
4 Morgan Rielly Aaron Ness 10 1 2 2
PowerPlay Forward
Center Left Wing Right Wing Time % Phy DF OF
1 Christian Hanson Patrik Laine Mitch Marner 60 1 2 2
2 Jared Knight Matt Calvert Ondrej Kase 40 1 2 2
PowerPlay Defense
Defense Defense Time % Phy DF OF
1 Morgan Rielly Aaron Ness 60 1 2 2
2 Dillon Heatherington Victor Mete 40 1 2 2
Penalty Kill 4 Players Forward
Center Wing Time % Phy DF OF
1 Jared Knight Matt Calvert 60 1 2 2
2 Ryan Fitzgerald Austin Watson 40 1 2 2
Penalty Kill 4 Players Defense
Defense Defense Time % Phy DF OF
1 Morgan Rielly Aaron Ness 60 1 2 2
2 Dillon Heatherington Matt Grzelcyk 40 1 2 2
Penalty Kill - 3 Players Forward
Forward Time % Phy DF OF
1 Jared Knight 60 1 2 2
2 Ryan Fitzgerald 40 1 2 2
Penalty Kill - 3 Players Defense
Defense Defense Time % Phy DF OF
1 Morgan Rielly Aaron Ness 60 1 2 2
2 Dillon Heatherington Matt Grzelcyk 40 1 2 2
4 vs 4 Forward
Center Wing Time % Phy DF OF
1 Christian Hanson Mitch Marner 60 1 2 2
2 Jared Knight Patrik Laine 40 1 2 2
4 vs 4 Defense
Defense Defense Time % Phy DF OF
1 Morgan Rielly Aaron Ness 60 1 2 2
2 Dillon Heatherington Victor Mete 40 1 2 2
Last Minutes Offensive
Center Left Wing Right Wing Defense Defense
Christian Hanson Patrik Laine Mitch Marner Morgan Rielly Aaron Ness
Last Minutes Defensive
Center Left Wing Right Wing Defense Defense
Jared Knight Matt Calvert Ondrej Kase Morgan Rielly Aaron Ness
Goaltenders
Starting : Eric Comrie
Backup : Peyton Jones
Extra Forwards
Normal : Mitch Marner, Christian Hanson, Matt Calvert - PP : Bobby Farnham, Austin Watson - PK : Jared Knight
Extra Defensemen
Normal : Morgan Rielly, Victor Mete, Tarmo Reunanen - PP : Matt Grzelcyk - PK : Matt Grzelcyk, Victor Mete
Penalty Shots
Mitch Marner, Patrik Laine, Matt Calvert, Ondrej Kase, Bobby Farnham
Scratches
Cameron Hughes (Healthy), Francis Perron (Healthy), Maxim Mamin (Healthy), Marc Michaelis (Healthy), Phoenix Copley (Healthy)
Rocket
5 vs 5 Forward
Center Left Wing Right Wing Time % Phy DF OF
1 Corey Trivino Brandon Pirri Danton Heinen 40 0 1 4
2 Peter Holland Adrian Kempe Mattias Tedenby 30 0 1 4
3 Dominic Turgeon Jakub Vrana Ty Rattie 20 0 2 3
4 Karson Kuhlman Sergey Tolchinsky Kole Sherwood 10 0 2 3
5 vs 5 Defense
Defense Defense Time % Phy DF OF
1 Viktor Loov Dean Kukan 40 1 2 2
2 Dylan DeMelo Adam Fox 30 1 2 2
3 Andrei Mironov Andrey Pedan 20 1 2 2
4 Andrei Mironov Dylan DeMelo 10 1 2 2
PowerPlay Forward
Center Left Wing Right Wing Time % Phy DF OF
1 Corey Trivino Adrian Kempe Danton Heinen 60 1 2 2
2 Peter Holland Brandon Pirri Mattias Tedenby 40 1 2 2
PowerPlay Defense
Defense Defense Time % Phy DF OF
1 Viktor Loov Adam Fox 60 1 2 2
2 Dylan DeMelo Andrey Pedan 40 1 2 2
Penalty Kill 4 Players Forward
Center Wing Time % Phy DF OF
1 Dominic Turgeon Ty Rattie 60 1 2 2
2 Karson Kuhlman Jakub Vrana 40 1 2 2
Penalty Kill 4 Players Defense
Defense Defense Time % Phy DF OF
1 Andrei Mironov Dylan DeMelo 60 1 2 2
2 Viktor Loov Adam Fox 40 1 2 2
Penalty Kill - 3 Players Forward
Forward Time % Phy DF OF
1 Dominic Turgeon 60 1 2 2
2 Peter Holland 40 1 2 2
Penalty Kill - 3 Players Defense
Defense Defense Time % Phy DF OF
1 Viktor Loov Dean Kukan 60 1 2 2
2 Dylan DeMelo Andrey Pedan 40 1 2 2
4 vs 4 Forward
Center Wing Time % Phy DF OF
1 Corey Trivino Mattias Tedenby 60 1 2 2
2 Brandon Pirri Adrian Kempe 40 1 2 2
4 vs 4 Defense
Defense Defense Time % Phy DF OF
1 Viktor Loov Dean Kukan 60 1 2 2
2 Dylan DeMelo Andrey Pedan 40 1 2 2
Last Minutes Offensive
Center Left Wing Right Wing Defense Defense
Corey Trivino Brandon Pirri Mattias Tedenby Viktor Loov Dean Kukan
Last Minutes Defensive
Center Left Wing Right Wing Defense Defense
Corey Trivino Brandon Pirri Mattias Tedenby Viktor Loov Dean Kukan
Goaltenders
Starting : Igor Shesterkin
Backup : Jean-Francois Berube
Extra Forwards
Normal : Danton Heinen, Adrian Kempe, Mattias Tedenby - PP : Danton Heinen, Adrian Kempe - PK : Dominic Turgeon
Extra Defensemen
Normal : Andrei Mironov, Adam Fox, Dylan DeMelo - PP : Viktor Loov - PK : Andrei Mironov, Dylan DeMelo
Penalty Shots
Corey Trivino, Mattias Tedenby, Brandon Pirri, Adrian Kempe, Danton Heinen
Scratches
Daniel Sprong (Healthy), Guillaume Brisebois (Healthy), Jack Glover (Healthy), Mason Appleton (Healthy), Ryan Collins (Healthy)
Tyler Lewington (Healthy), Luke Kunin (Healthy), Mikhail Maltsev (Healthy), Blake Hillman (Healthy)
% Time on Ice - Monsters
Lines # - Real PCT - Wanted PCT - Time Play
Normal Forward
1 - 33% - 40% - 12:22
2 - 23% - 30% - 8:28
3 - 26% - 20% - 9:30
4 - 18% - 10% - 6:38
Normal Defense
1 - 35% - 40% - 13:04
2 - 39% - 30% - 14:31
3 - 25% - 20% - 9:18
4 - 0% - 10% - 0:05
PP Forward
1 - 57% - 60% - 4:30
2 - 43% - 40% - 3:26
PP Defense
1 - 67% - 60% - 5:19
2 - 33% - 40% - 2:37
PK Forward
1 - 73% - 60% - 10:52
2 - 27% - 40% - 3:59
PK Defense
1 - 71% - 60% - 10:35
2 - 29% - 40% - 4:16
PK3 Forward
1 - 0% - 60%
2 - 0% - 40%
PK3 Defense
1 - 0% - 60%
2 - 0% - 40%
44 Forward
1 - 0% - 60%
2 - 0% - 40%
44 Defense
1 - 0% - 60%
2 - 0% - 40%
Last Minute Offensive - 0:00
Last Minute Defensive - 0:15
Total
Forward - 60:00
Defense - 60:00
|
% Time on Ice - Rocket
Lines # - Real PCT - Wanted PCT - Time Play
Normal Forward
1 - 32% - 40% - 11:56
2 - 29% - 30% - 10:35
3 - 21% - 20% - 7:52
4 - 18% - 10% - 6:35
Normal Defense
1 - 45% - 40% - 16:46
2 - 26% - 30% - 9:32
3 - 21% - 20% - 7:54
4 - 7% - 10% - 2:46
PP Forward
1 - 57% - 60% - 8:29
2 - 43% - 40% - 6:22
PP Defense
1 - 59% - 60% - 8:43
2 - 41% - 40% - 6:08
PK Forward
1 - 75% - 60% - 5:58
2 - 25% - 40% - 1:58
PK Defense
1 - 63% - 60% - 4:58
2 - 37% - 40% - 2:58
PK3 Forward
1 - 0% - 60%
2 - 0% - 40%
PK3 Defense
1 - 0% - 60%
2 - 0% - 40%
44 Forward
1 - 0% - 60%
2 - 0% - 40%
44 Defense
1 - 0% - 60%
2 - 0% - 40%
Last Minute Offensive - 0:15
Last Minute Defensive - 0:00
Total
Forward - 60:00
Defense - 60:00
|
Play-by-Play
1st period
0:01 of 1st period - Christian Hanson wins face-off versus Danton Heinen in neutral zone.
0:14 of 1st period - Snap shot by Danton Heinen.
0:14 of 1st period - Stopped by Eric Comrie with a rebound.
0:26 of 1st period - Aaron Ness is hit by Peter Holland and loses puck.
0:47 of 1st period - Viktor Loov is hit by Ryan Fitzgerald and loses puck.
1:14 of 1st period - Slapshot by Viktor Loov.
1:14 of 1st period - Stopped by Eric Comrie with a rebound.
1:28 of 1st period - Snap shot by Mitch Marner.
1:28 of 1st period - Shot Misses the Net.
1:34 of 1st period - Snap shot by Danton Heinen.
1:34 of 1st period - Shot Misses the Net.
1:36 of 1st period - Wrist shot by Adam Fox.
1:36 of 1st period - Shot Misses the Net.
1:58 of 1st period - Matt Calvert is hit by Peter Holland and loses puck.
2:23 of 1st period - Snap shot by Karson Kuhlman.
2:23 of 1st period - Stopped by Eric Comrie without a rebound.
2:24 of 1st period - Christian Hanson wins face-off versus Corey Trivino in Monsters zone.
3:33 of 1st period - Viktor Loov is hit by Bobby Farnham and loses puck.
3:38 of 1st period - Wrist shot by Joakim Nordstrom.
3:38 of 1st period - Shot Misses the Net.
3:52 of 1st period - Minor Penalty to Brandon Pirri for Holding.
3:53 of 1st period - Dominic Turgeon wins face-off versus Patrik Laine in Rocket zone.
3:53 of 1st period - Dominic Turgeon is hit by Aaron Ness.
4:09 of 1st period - Wrist shot by Patrik Laine.
4:09 of 1st period - Stopped by Igor Shesterkin with a rebound.
4:25 of 1st period - Wrist shot by Jakub Vrana.
4:25 of 1st period - Stopped by Eric Comrie with a rebound.
5:52 of 1st period - Penalty to Brandon Pirri is over, Brandon Pirri is back on ice.
5:59 of 1st period - Dillon Heatherington is hit by Danton Heinen and loses puck.
7:02 of 1st period - Victor Mete is hit by Jakub Vrana and loses puck.
7:56 of 1st period - Christian Hanson is hit by Karson Kuhlman and loses puck.
8:23 of 1st period - Tarmo Reunanen is hit by Jakub Vrana and loses puck.
9:09 of 1st period - Mattias Tedenby is hit by Ondrej Kase and loses puck.
9:54 of 1st period - Off-side.
9:55 of 1st period - Corey Trivino wins face-off versus Ryan Fitzgerald in neutral zone.
10:06 of 1st period - Andrei Mironov is hit by Matt Grzelcyk.
10:30 of 1st period - Snap shot by Christian Hanson.
10:30 of 1st period - Shot Blocked by Andrei Mironov.
10:46 of 1st period - Wrist shot by Sergey Tolchinsky.
10:46 of 1st period - Shot Misses the Net.
10:48 of 1st period - Minor Penalty to Matt Calvert for Hooking.
10:49 of 1st period - Jared Knight wins face-off versus Corey Trivino in Monsters zone.
11:31 of 1st period - Snap shot by Adrian Kempe.
11:31 of 1st period - Stopped by Eric Comrie with a rebound.
11:33 of 1st period - Snap shot by Corey Trivino.
11:33 of 1st period - Stopped by Eric Comrie with a rebound.
12:48 of 1st period - Penalty to Matt Calvert is over, Matt Calvert is back on ice.
13:03 of 1st period - Slapshot by Viktor Loov.
13:03 of 1st period - Stopped by Eric Comrie without a rebound.
13:04 of 1st period - Nathan Noel wins face-off versus Karson Kuhlman in Monsters zone.
14:14 of 1st period - Snap shot by Ondrej Kase.
14:14 of 1st period - Stopped by Igor Shesterkin with a rebound.
14:16 of 1st period - Backhand shot by Ondrej Kase.
14:16 of 1st period - Stopped by Igor Shesterkin with a rebound.
14:18 of 1st period - Snap shot by Jared Knight.
14:18 of 1st period - Shot Misses the Net.
14:20 of 1st period - Snap shot by Matt Calvert.
14:20 of 1st period - Shot Misses the Net.
14:46 of 1st period - Minor Penalty to Richard Nejezchleb for Interference.
14:47 of 1st period - Jared Knight wins face-off versus Corey Trivino in Monsters zone.
15:37 of 1st period - Adrian Kempe is hit by Matt Grzelcyk and loses puck.
16:26 of 1st period - Aaron Ness is hit by Adrian Kempe and loses puck.
16:46 of 1st period - Penalty to Richard Nejezchleb is over, Richard Nejezchleb is back on ice.
16:56 of 1st period - Off-side.
16:57 of 1st period - Dominic Turgeon wins face-off versus Ryan Fitzgerald in neutral zone.
17:15 of 1st period - Tarmo Reunanen is hit by Dominic Turgeon and loses puck.
17:40 of 1st period - Viktor Loov is hit by Jared Knight and loses puck.
18:40 of 1st period - Slapshot by Dominic Turgeon.
18:40 of 1st period - Stopped by Eric Comrie with a rebound.
18:56 of 1st period - Viktor Loov is hit by Morgan Rielly and loses puck.
19:15 of 1st period - Slapshot by Brandon Pirri.
19:15 of 1st period - Stopped by Eric Comrie with a rebound.
19:33 of 1st period - Wrist shot by Matt Calvert.
19:33 of 1st period - Goal by Matt Calvert - Monsters : 1 - Rocket : 0.
19:34 of 1st period - Corey Trivino wins face-off versus Christian Hanson in neutral zone.
19:37 of 1st period - Slapshot by Corey Trivino.
19:37 of 1st period - Stopped by Eric Comrie without a rebound.
19:38 of 1st period - Corey Trivino wins face-off versus Christian Hanson in Monsters zone.
19:47 of 1st period - Slapshot by Brandon Pirri.
19:47 of 1st period - Stopped by Eric Comrie with a rebound.
Goals for this period are 1 for Monsters vs 0 for Rocket.
Shots for this period are 4 for Monsters vs 11 for Rocket.
2nd period
0:01 of 2nd period - Christian Hanson wins face-off versus Corey Trivino in neutral zone.
0:16 of 2nd period - Slapshot by Corey Trivino.
0:16 of 2nd period - Deflect By Brandon Pirri.
0:16 of 2nd period - Stopped by Eric Comrie without a rebound.
0:17 of 2nd period - Peter Holland wins face-off versus Jared Knight in Monsters zone.
0:18 of 2nd period - Snap shot by Mattias Tedenby.
0:18 of 2nd period - Stopped by Eric Comrie without a rebound.
0:19 of 2nd period - Jared Knight wins face-off versus Peter Holland in Monsters zone.
0:21 of 2nd period - Minor Penalty to Jared Knight for Holding.
0:22 of 2nd period - Corey Trivino wins face-off versus Christian Hanson in Monsters zone.
2:21 of 2nd period - Penalty to Jared Knight is over, Jared Knight is back on ice.
2:27 of 2nd period - Victor Mete is hit by Andrey Pedan and loses puck.
2:34 of 2nd period - Victor Mete is hit by Karson Kuhlman and loses puck.
3:22 of 2nd period - Joakim Nordstrom is hit by Andrey Pedan and loses puck.
3:37 of 2nd period - Snap shot by Mitch Marner.
3:37 of 2nd period - Stopped by Igor Shesterkin without a rebound.
3:38 of 2nd period - Corey Trivino wins face-off versus Jared Knight in Rocket zone.
5:28 of 2nd period - Wrist shot by Adrian Kempe.
5:28 of 2nd period - Shot Blocked by Tarmo Reunanen.
5:30 of 2nd period - Wrist shot by Mattias Tedenby.
5:30 of 2nd period - Stopped by Eric Comrie with a rebound.
5:32 of 2nd period - Slapshot by Dean Kukan.
5:32 of 2nd period - Deflect By Adrian Kempe.
5:32 of 2nd period - Shot Misses the Net.
5:32 of 2nd period - Puck is out of play.
5:33 of 2nd period - Jared Knight wins face-off versus Dominic Turgeon in Monsters zone.
5:33 of 2nd period - Jared Knight is hit by Ty Rattie.
5:46 of 2nd period - Wrist shot by Jared Knight.
5:46 of 2nd period - Stopped by Igor Shesterkin without a rebound.
5:47 of 2nd period - Corey Trivino wins face-off versus Jared Knight in Rocket zone.
5:47 of 2nd period - Danton Heinen is hit by Jared Knight.
5:53 of 2nd period - Slapshot by Dylan DeMelo.
5:53 of 2nd period - Stopped by Eric Comrie without a rebound.
5:54 of 2nd period - Corey Trivino wins face-off versus Jared Knight in Monsters zone.
6:04 of 2nd period - Minor Penalty to Jared Knight for Delaying the game.
6:05 of 2nd period - Christian Hanson wins face-off versus Corey Trivino in Monsters zone.
6:21 of 2nd period - Wrist shot by Adrian Kempe.
6:21 of 2nd period - Stopped by Eric Comrie with a rebound.
8:04 of 2nd period - Penalty to Jared Knight is over, Jared Knight is back on ice.
8:55 of 2nd period - Jared Knight is hit by Jakub Vrana and loses puck.
9:10 of 2nd period - Danton Heinen is hit by Mitch Marner and loses puck.
10:10 of 2nd period - Dylan DeMelo is hit by Mitch Marner and loses puck.
10:27 of 2nd period - Wrist shot by Danton Heinen.
10:27 of 2nd period - Shot Hit the Post.
10:48 of 2nd period - Ryan Fitzgerald is hit by Brandon Pirri and loses puck.
11:05 of 2nd period - Slapshot by Christian Hanson.
11:05 of 2nd period - Shot Misses the Net.
12:14 of 2nd period - Dylan DeMelo is hit by Richard Nejezchleb and loses puck.
12:43 of 2nd period - Karson Kuhlman is hit by Mitch Marner and loses puck.
12:52 of 2nd period - Dillon Heatherington is hit by Sergey Tolchinsky and loses puck.
13:23 of 2nd period - Aaron Ness is hit by Danton Heinen and loses puck.
14:07 of 2nd period - Adam Fox is hit by Richard Nejezchleb and loses puck.
14:21 of 2nd period - Richard Nejezchleb is hit by Adrian Kempe and loses puck.
14:28 of 2nd period - Austin Watson is hit by Peter Holland and loses puck.
14:35 of 2nd period - Peter Holland is hit by Nathan Noel and loses puck.
14:50 of 2nd period - Icing by Adam Fox.
14:51 of 2nd period - Peter Holland wins face-off versus Christian Hanson in Rocket zone.
14:58 of 2nd period - Snap shot by Adam Fox.
14:58 of 2nd period - Deflect By Mattias Tedenby.
14:58 of 2nd period - Stopped by Eric Comrie with a rebound.
15:00 of 2nd period - Snap shot by Dean Kukan.
15:00 of 2nd period - Stopped by Eric Comrie without a rebound.
15:01 of 2nd period - Danton Heinen wins face-off versus Christian Hanson in Monsters zone.
15:12 of 2nd period - Snap shot by Corey Trivino.
15:12 of 2nd period - Goal by Corey Trivino - Monsters : 1 - Rocket : 1.
15:13 of 2nd period - Christian Hanson wins face-off versus Corey Trivino in neutral zone.
15:16 of 2nd period - Slapshot by Morgan Rielly.
15:16 of 2nd period - Stopped by Igor Shesterkin with a rebound.
15:18 of 2nd period - Wrist shot by Patrik Laine.
15:18 of 2nd period - Stopped by Igor Shesterkin without a rebound.
15:19 of 2nd period - Christian Hanson wins face-off versus Corey Trivino in Rocket zone.
15:20 of 2nd period - Slapshot by Mitch Marner.
15:20 of 2nd period - Shot Misses the Net.
15:22 of 2nd period - Slapshot by Morgan Rielly.
15:22 of 2nd period - Shot Blocked by Corey Trivino.
15:24 of 2nd period - Backhand shot by Morgan Rielly.
15:24 of 2nd period - Shot Misses the Net.
15:26 of 2nd period - Snap shot by Morgan Rielly.
15:26 of 2nd period - Stopped by Igor Shesterkin without a rebound.
15:27 of 2nd period - Corey Trivino wins face-off versus Christian Hanson in Rocket zone.
15:56 of 2nd period - Snap shot by Ondrej Kase.
15:56 of 2nd period - Stopped by Igor Shesterkin with a rebound.
16:23 of 2nd period - Minor Penalty to Dean Kukan for Cross-checking.
16:24 of 2nd period - Dominic Turgeon wins face-off versus Christian Hanson in Rocket zone.
16:34 of 2nd period - Snap shot by Mitch Marner.
16:34 of 2nd period - Shot Misses the Net.
16:36 of 2nd period - Backhand shot by Patrik Laine.
16:36 of 2nd period - Stopped by Igor Shesterkin without a rebound.
16:37 of 2nd period - Dominic Turgeon wins face-off versus Christian Hanson in Rocket zone.
17:02 of 2nd period - Andrei Mironov is hit by Jared Knight and loses puck.
18:23 of 2nd period - Penalty to Dean Kukan is over, Dean Kukan is back on ice.
18:28 of 2nd period - Slapshot by Bobby Farnham.
18:28 of 2nd period - Shot Blocked by Dean Kukan.
18:30 of 2nd period - Wrist shot by Bobby Farnham.
18:30 of 2nd period - Stopped by Igor Shesterkin without a rebound.
18:31 of 2nd period - Corey Trivino wins face-off versus Ryan Fitzgerald in Rocket zone.
18:39 of 2nd period - Snap shot by Bobby Farnham.
18:39 of 2nd period - Goal by Bobby Farnham - Monsters : 2 - Rocket : 1.
18:40 of 2nd period - Corey Trivino wins face-off versus Christian Hanson in neutral zone.
19:07 of 2nd period - Off-side.
19:08 of 2nd period - Peter Holland wins face-off versus Jared Knight in neutral zone.
19:21 of 2nd period - Snap shot by Mattias Tedenby.
19:21 of 2nd period - Shot Blocked by Jared Knight.
19:23 of 2nd period - Snap shot by Mattias Tedenby.
19:23 of 2nd period - Shot Blocked by Ondrej Kase.
19:29 of 2nd period - Minor Penalty to Tarmo Reunanen for Charging.
19:30 of 2nd period - Danton Heinen wins face-off versus Jared Knight in Monsters zone.
19:33 of 2nd period - Slapshot by Danton Heinen.
19:33 of 2nd period - Stopped by Eric Comrie with a rebound.
19:43 of 2nd period - Wrist shot by Adrian Kempe.
19:43 of 2nd period - Shot Blocked by Jared Knight.
Goals for this period are 1 for Monsters vs 1 for Rocket.
Shots for this period are 9 for Monsters vs 9 for Rocket.
3rd period
0:01 of 3rd period - Adrian Kempe wins face-off versus Jared Knight in neutral zone.
0:35 of 3rd period - Snap shot by Adam Fox.
0:35 of 3rd period - Deflect By Peter Holland.
0:35 of 3rd period - Stopped by Eric Comrie with a rebound.
0:37 of 3rd period - Wrist shot by Peter Holland.
0:37 of 3rd period - Stopped by Eric Comrie with a rebound.
0:39 of 3rd period - Snap shot by Mattias Tedenby.
0:39 of 3rd period - Stopped by Eric Comrie without a rebound.
0:40 of 3rd period - Ryan Fitzgerald wins face-off versus Corey Trivino in Monsters zone.
0:49 of 3rd period - Morgan Rielly is hit by Adrian Kempe and loses puck.
1:29 of 3rd period - Penalty to Tarmo Reunanen is over, Tarmo Reunanen is back on ice.
1:44 of 3rd period - Snap shot by Matt Calvert.
1:44 of 3rd period - Shot Hit the Post.
1:46 of 3rd period - Snap shot by Matt Calvert.
1:46 of 3rd period - Shot Blocked by Viktor Loov.
1:48 of 3rd period - Snap shot by Matt Calvert.
1:48 of 3rd period - Stopped by Igor Shesterkin without a rebound.
1:49 of 3rd period - Christian Hanson wins face-off versus Dominic Turgeon in Rocket zone.
1:55 of 3rd period - Off-side.
1:56 of 3rd period - Dominic Turgeon wins face-off versus Christian Hanson in neutral zone.
2:25 of 3rd period - Slapshot by Brandon Pirri.
2:25 of 3rd period - Shot Misses the Net.
2:27 of 3rd period - Snap shot by Corey Trivino.
2:27 of 3rd period - Stopped by Eric Comrie with a rebound.
2:29 of 3rd period - Backhand shot by Danton Heinen.
2:29 of 3rd period - Shot Blocked by Dillon Heatherington.
2:31 of 3rd period - Slapshot by Andrei Mironov.
2:31 of 3rd period - Shot Misses the Net.
2:48 of 3rd period - Minor Penalty to Adam Fox for Slashing.
2:49 of 3rd period - Jared Knight wins face-off versus Dominic Turgeon in Rocket zone.
2:51 of 3rd period - Snap shot by Matt Calvert.
2:51 of 3rd period - Stopped by Igor Shesterkin without a rebound.
2:52 of 3rd period - Dominic Turgeon wins face-off versus Jared Knight in Rocket zone.
2:52 of 3rd period - Dominic Turgeon is hit by Aaron Ness.
4:48 of 3rd period - Penalty to Adam Fox is over, Adam Fox is back on ice.
5:13 of 3rd period - Richard Nejezchleb is hit by Corey Trivino and loses puck.
5:42 of 3rd period - Joakim Nordstrom is hit by Dylan DeMelo and loses puck.
6:00 of 3rd period - Off-side.
6:01 of 3rd period - Peter Holland wins face-off versus Christian Hanson in neutral zone.
6:07 of 3rd period - Off-side.
6:08 of 3rd period - Corey Trivino wins face-off versus Christian Hanson in neutral zone.
6:13 of 3rd period - Wrist shot by Corey Trivino.
6:13 of 3rd period - Shot Misses the Net.
6:23 of 3rd period - Backhand shot by Christian Hanson.
6:23 of 3rd period - Shot Misses the Net.
6:30 of 3rd period - Icing by Viktor Loov.
6:31 of 3rd period - Corey Trivino wins face-off versus Jared Knight in Rocket zone.
6:42 of 3rd period - Snap shot by Ondrej Kase.
6:42 of 3rd period - Stopped by Igor Shesterkin with a rebound.
6:43 of 3rd period - Minor Penalty to Aaron Ness for Interference.
6:44 of 3rd period - Jared Knight wins face-off versus Danton Heinen in Monsters zone.
6:57 of 3rd period - Snap shot by Danton Heinen.
6:57 of 3rd period - Stopped by Eric Comrie without a rebound.
6:58 of 3rd period - Jared Knight wins face-off versus Adrian Kempe in Monsters zone.
7:27 of 3rd period - Wrist shot by Peter Holland.
7:27 of 3rd period - Shot Misses the Net.
7:29 of 3rd period - Slapshot by Dylan DeMelo.
7:29 of 3rd period - Stopped by Eric Comrie without a rebound.
7:30 of 3rd period - Ryan Fitzgerald wins face-off versus Brandon Pirri in Monsters zone.
8:20 of 3rd period - Victor Mete is hit by Danton Heinen and loses puck.
8:43 of 3rd period - Penalty to Aaron Ness is over, Aaron Ness is back on ice.
8:49 of 3rd period - Backhand shot by Viktor Loov.
8:49 of 3rd period - Stopped by Eric Comrie without a rebound.
8:50 of 3rd period - Christian Hanson wins face-off versus Dominic Turgeon in Monsters zone.
9:28 of 3rd period - Minor Penalty to Joakim Nordstrom for Hooking.
9:29 of 3rd period - Corey Trivino wins face-off versus Jared Knight in Monsters zone.
9:38 of 3rd period - Slapshot by Danton Heinen.
9:38 of 3rd period - Shot Misses the Net.
9:42 of 3rd period - Snap shot by Corey Trivino.
9:42 of 3rd period - Stopped by Eric Comrie with a rebound.
9:44 of 3rd period - Snap shot by Danton Heinen.
9:44 of 3rd period - Shot Blocked by Jared Knight.
11:26 of 3rd period - Wrist shot by Christian Hanson.
11:26 of 3rd period - Stopped by Igor Shesterkin without a rebound.
11:27 of 3rd period - Patrik Laine wins face-off versus Peter Holland in Rocket zone.
11:28 of 3rd period - Penalty to Joakim Nordstrom is over, Joakim Nordstrom is back on ice.
11:30 of 3rd period - Snap shot by Christian Hanson.
11:30 of 3rd period - Shot Blocked by Viktor Loov.
11:53 of 3rd period - Wrist shot by Bobby Farnham.
11:53 of 3rd period - Stopped by Igor Shesterkin with a rebound.
12:13 of 3rd period - Snap shot by Dylan DeMelo.
12:13 of 3rd period - Shot Blocked by Ryan Fitzgerald.
12:15 of 3rd period - Snap shot by Karson Kuhlman.
12:15 of 3rd period - Stopped by Eric Comrie with a rebound.
12:37 of 3rd period - Slapshot by Matt Calvert.
12:37 of 3rd period - Stopped by Igor Shesterkin without a rebound.
12:38 of 3rd period - Corey Trivino wins face-off versus Christian Hanson in Rocket zone.
12:48 of 3rd period - Minor Penalty to Andrey Pedan for Hooking.
12:49 of 3rd period - Christian Hanson wins face-off versus Dominic Turgeon in Rocket zone.
12:55 of 3rd period - Snap shot by Christian Hanson.
12:55 of 3rd period - Stopped by Igor Shesterkin with a rebound.
12:57 of 3rd period - Slapshot by Morgan Rielly.
12:57 of 3rd period - Deflect By Mitch Marner.
12:57 of 3rd period - Shot Misses the Net.
12:57 of 3rd period - Puck is out of play.
12:58 of 3rd period - Mitch Marner wins face-off versus Dominic Turgeon in Rocket zone.
13:27 of 3rd period - Backhand shot by Christian Hanson.
13:27 of 3rd period - Stopped by Igor Shesterkin with a rebound.
13:36 of 3rd period - Icing by Christian Hanson.
13:37 of 3rd period - Dominic Turgeon wins face-off versus Christian Hanson in Monsters zone.
13:56 of 3rd period - Snap shot by Matt Calvert.
13:56 of 3rd period - Shot Blocked by Dylan DeMelo.
13:58 of 3rd period - Slapshot by Aaron Ness.
13:58 of 3rd period - Stopped by Igor Shesterkin without a rebound.
13:59 of 3rd period - Jared Knight wins face-off versus Karson Kuhlman in Rocket zone.
14:02 of 3rd period - Wrist shot by Jared Knight.
14:02 of 3rd period - Stopped by Igor Shesterkin without a rebound.
14:03 of 3rd period - Jared Knight wins face-off versus Dominic Turgeon in Rocket zone.
14:06 of 3rd period - Snap shot by Jared Knight.
14:06 of 3rd period - Deflect By Matt Calvert.
14:06 of 3rd period - Stopped by Igor Shesterkin without a rebound.
14:07 of 3rd period - Dominic Turgeon wins face-off versus Jared Knight in Rocket zone.
14:07 of 3rd period - Dominic Turgeon is hit by Jared Knight.
14:23 of 3rd period - Wrist shot by Jared Knight.
14:23 of 3rd period - Shot Blocked by Dominic Turgeon.
14:25 of 3rd period - Slapshot by Victor Mete.
14:25 of 3rd period - Stopped by Igor Shesterkin without a rebound.
14:26 of 3rd period - Patrik Laine wins face-off versus Dominic Turgeon in Rocket zone.
14:41 of 3rd period - Dominic Turgeon is hit by Mitch Marner and loses puck.
14:48 of 3rd period - Penalty to Andrey Pedan is over, Andrey Pedan is back on ice.
15:12 of 3rd period - Victor Mete is hit by Dylan DeMelo and loses puck.
15:28 of 3rd period - Off-side.
15:29 of 3rd period - Corey Trivino wins face-off versus Jared Knight in neutral zone.
16:14 of 3rd period - Off-side.
16:15 of 3rd period - Corey Trivino wins face-off versus Ryan Fitzgerald in neutral zone.
16:26 of 3rd period - Corey Trivino is hit by Joakim Nordstrom and loses puck.
17:13 of 3rd period - Snap shot by Adrian Kempe.
17:13 of 3rd period - Shot Misses the Net.
17:50 of 3rd period - Wrist shot by Ryan Fitzgerald.
17:50 of 3rd period - Shot Blocked by Andrei Mironov.
17:52 of 3rd period - Wrist shot by Joakim Nordstrom.
17:52 of 3rd period - Stopped by Igor Shesterkin without a rebound.
17:53 of 3rd period - Christian Hanson wins face-off versus Dominic Turgeon in Rocket zone.
18:02 of 3rd period - Slapshot by Andrei Mironov.
18:02 of 3rd period - Shot Misses the Net.
18:04 of 3rd period - Snap shot by Andrey Pedan.
18:04 of 3rd period - Shot Blocked by Matt Grzelcyk.
18:06 of 3rd period - Wrist shot by Jakub Vrana.
18:06 of 3rd period - Stopped by Eric Comrie with a rebound.
18:08 of 3rd period - Slapshot by Ty Rattie.
18:08 of 3rd period - Shot Misses the Net.
18:18 of 3rd period - Slapshot by Matt Grzelcyk.
18:18 of 3rd period - Deflect By Joakim Nordstrom.
18:18 of 3rd period - Stopped by Igor Shesterkin with a rebound.
18:20 of 3rd period - Snap shot by Bobby Farnham.
18:20 of 3rd period - Stopped by Igor Shesterkin with a rebound.
18:22 of 3rd period - Slapshot by Matt Grzelcyk.
18:22 of 3rd period - Stopped by Igor Shesterkin with a rebound.
18:24 of 3rd period - Slapshot by Ryan Fitzgerald.
18:24 of 3rd period - Shot Blocked by Brandon Pirri.
18:26 of 3rd period - Wrist shot by Joakim Nordstrom.
18:26 of 3rd period - Stopped by Igor Shesterkin with a rebound.
18:28 of 3rd period - Slapshot by Dillon Heatherington.
18:28 of 3rd period - Deflect By Joakim Nordstrom.
18:28 of 3rd period - Stopped by Igor Shesterkin with a rebound.
18:44 of 3rd period - Snap shot by Jared Knight.
18:44 of 3rd period - Shot Misses the Net.
18:46 of 3rd period - Slapshot by Jared Knight.
18:46 of 3rd period - Stopped by Igor Shesterkin without a rebound.
18:47 of 3rd period - Rick Tocchet call a timeout for Rocket.
18:47 of 3rd period - Corey Trivino wins face-off versus Jared Knight in Rocket zone.
18:58 of 3rd period - Rocket, Igor Shesterkin is pulled from the net.
18:58 of 3rd period - Wrist shot by Corey Trivino.
18:58 of 3rd period - Stopped by Eric Comrie without a rebound.
18:59 of 3rd period - Ondrej Kase wins face-off versus Corey Trivino in Monsters zone.
19:01 of 3rd period - Minor Penalty to Ondrej Kase for Interference.
19:02 of 3rd period - Corey Trivino wins face-off versus Jared Knight in Monsters zone.
19:04 of 3rd period - Slapshot by Adrian Kempe.
19:04 of 3rd period - Stopped by Eric Comrie without a rebound.
19:05 of 3rd period - Adrian Kempe wins face-off versus Jared Knight in Monsters zone.
19:06 of 3rd period - Backhand shot by Danton Heinen.
19:06 of 3rd period - Stopped by Eric Comrie without a rebound.
19:07 of 3rd period - Jared Knight wins face-off versus Corey Trivino in Monsters zone.
Goals for this period are 0 for Monsters vs 0 for Rocket.
Shots for this period are 19 for Monsters vs 13 for Rocket.
Output by the SimonT Hockey Simulator (STHS) for Francois Prevost